 Dungeon Crawl Stone Soup version 0.22-a0-617-g6d95e9e (webtiles) character file.

161 sking99 the Grave Robber (level 5, -3/38 HPs)
             Began as a Mummy Necromancer on July 12, 2018.
             Slain by an ogre
             ... wielding a +0 giant club
              (25 damage)
             ... on level 4 of the Dungeon.
             The game lasted 00:08:09 (3424 turns).

sking99 the Grave Robber (Mummy Necromancer)        Turns: 3424, Time: 00:08:10

Health: -3/38      AC:  2    Str: 11    XL:     5   Next: 18%
Magic:  9/10       EV: 12    Int: 17    God:
Gold:   176        SH:  0    Dex: 13    Spells: 2/11 levels left

rFire    . . .     SeeInvis .   e - +0 dagger (venom)
rCold    + . .     Gourm    .   (no shield)
rNeg     + + +     Faith    .   a - +0 robe
rPois    ∞         Spirit   .   (no helmet)
rElec    .         Reflect  .   (no cloak)
rCorr    .         Harm     .   (no gloves)
MR       .....                  (no boots)
Stlth    ++........             (no amulet)
HPRegen  0.12/turn              f - ring of protection from fire
MPRegen  0.12/turn              g - +2 ring of intelligence

@: no status effects
A: no food or potions, fire vulnerability, cold resistance 1, negative energy
resistance 3, torment resistance, unbreathing
a: no special abilities


You were on level 4 of the Dungeon.
You were not hungry.

You visited 1 branch of the dungeon, and saw 4 of its levels.

You collected 176 gold pieces.

Inventory:

Hand Weapons
 e - a +0 dagger of venom (weapon)
 m - a +0 trident
Armour
 a - a +0 robe (worn)
Jewellery
 f - a ring of protection from fire (left hand)
 g - a +2 ring of intelligence (right hand)
 l - a +2 ring of dexterity
Scrolls
 b - 2 scrolls of magic mapping
 h - 3 scrolls of enchant weapon
 i - a scroll of immolation


   Skills:
 + Level 2.0 Fighting
 - Level 1.5 Dodging
 - Level 1.5 Stealth
 + Level 3.9 Spellcasting
 * Level 5.5 Necromancy


You had 2 spell levels left.
You knew the following spells:

 Your Spells              Type           Power        Failure   Level  Hunger
a - Pain                  Necr           ###.         1%          1    N/A
b - Animate Skeleton      Necr           N/A          1%          1    N/A
c - Vampiric Draining     Necr           ###.......   4%          3    N/A
d - Animate Dead          Necr           N/A          16%         4    N/A

Your spell library contained the following spells:

 Spells                   Type           Power        Failure   Level  Hunger
 Confuse                  Hex            #.......     43%         3    N/A
 Regeneration             Chrm/Necr      ##........   16%         3    N/A
 Confusing Touch          Hex            #.....       16%         1    N/A
 Metabolic Englaciation   Hex/Ice        #.........   99%         5    N/A
 Petrify                  Tmut/Erth      #.......     85%         4    N/A
 Gell's Gravitas          Tloc           #.........   43%         3    N/A
 Yara's Violent Unravell  Hex/Tmut       #.........   99%         5    N/A

Dungeon Overview and Level Annotations

Branches:
Dungeon (4/15)
 Temple: D:4-7

Altars:


Innate Abilities, Weirdness & Mutations

You do not eat or drink.
Your flesh is vulnerable to fire.
You are immune to poison.
Your flesh is cold resistant. (rC+)
You are immune to negative energy. (rN+++)
You are immune to unholy pain and torment.
You can survive without breathing.


Message History

Found an escape hatch in the ceiling.
Unknown command.
Your quokka zombie closely misses the ogre.
Casting: Pain (safe; 1% risk of failure)
Confirm with . or Enter, or press ? or * to list all spells.
Aiming: Pain (safe; 1% risk of failure)
Press: ? - help, Shift-Dir - straight line, f - ogre
Aim: an ogre, wielding a giant club (chance to defeat MR: 81%)
The ogre barely resists.
Your quokka zombie bites the ogre.
There is a stone staircase leading down here.
You barely miss the ogre.
The ogre is lightly wounded.
The ogre barely misses you.
Your quokka zombie closely misses the ogre.
Your quokka skeleton bites the ogre.
You hit the ogre but do no damage.
The ogre is poisoned.
The ogre is lightly wounded.
The ogre hits you with a giant club!!
Ouch! That really hurt!
You die...

#####*,*#.(%...####
#.Z.#*,<#......##..
#####Z#.#####..!...##..
#..Z..#.Z...Z......##..
#.###########......##..
#.....................%
##.Z...#########.####..
#..Z..###.......#* #..
#..ZO@....<......#*#..
#.....#.#..#####..##..
#.....#,##,# #.......
####....,,,* #.......
#.....,** #.......
#......* #.......
#.$....* #.......
#.....,* #.......
*,,,,,,* #(......


You could see an ogre, a friendly frilled lizard zombie, a friendly quokka
zombie and a friendly quokka skeleton.

Vanquished Creatures
  A hound (D:4)
  2 adders (D:3)
  2 worms
  A dart slug (D:1)
  3 leopard geckos
  16 orcs
  5 giant cockroaches
  6 hobgoblins
  7 jackals
  2 quokkas (D:4)
  2 ball pythons
  5 bats
  4 frilled lizards
  5 goblins
  10 kobolds
  4 rats
75 creatures vanquished.

Vanquished Creatures (collateral kills)
  A worm (D:3)
  2 giant cockroaches
  2 goblins
  3 hobgoblins
8 creatures vanquished.

Grand Total: 83 creatures vanquished

Notes
Turn   | Place    | Note
-------+----------+-------------------------------------------
     0 | D:1      | sking99 the Mummy Necromancer began the quest for the Orb.
     0 | D:1      | Reached XP level 1. HP: 13/13 MP: 4/4
   208 | D:1      | Learned a level 1 spell: Animate Skeleton
   223 | D:1      | Reached XP level 2. HP: 18/19 MP: 2/5
  1131 | D:2      | Reached XP level 3. HP: 25/25 MP: 2/7
  1375 | D:2      | Reached skill level 1 in Fighting
  2270 | D:3      | Reached skill level 5 in Necromancy
  2351 | D:3      | Reached XP level 4. HP: 22/32 MP: 0/9
  3148 | D:4      | Learned a level 3 spell: Vampiric Draining
  3153 | D:4      | Learned a level 4 spell: Animate Dead
  3308 | D:4      | Reached XP level 5. HP: 38/38 MP: 1/10
  3415 | D:4      | Noticed an ogre
  3424 | D:4      | Slain by an ogre

Vault maps used:
D:1:      ebering_trefoil_3fold
D:4:      marbit_many_paths, first_ration

Skill      XL: |  1  2  3  4 |
---------------+-------------+-----
Spellcasting   | 3 |  3.9
Fighting       | 1 2 |  2.0
Necromancy     | 5 |  5.5
Dodging        | |  1.5
Stealth        | |  1.5

Action                   |  1- 3 |  4- 6 || total
-------------------------+-------+-------++-------
Melee: Unarmed           |    18 |       ||    18
       Dagger            |    18 |    19 ||    37
 Cast: Pain              |    90 |    49 ||   139
       Animate Skeleton  |     7 |    10 ||    17
       Animate Dead      |       |     1 ||     1
  Use: Scroll            |       |     6 ||     6
Armor: Robe              |    11 |     2 ||    13
Dodge: Dodged            |    54 |    37 ||    91

Table legend:
 A = Spawn XP
 B = Non-spawn XP
 C = Spawn XP percentage of total XP
 D = Spawn monster count
 E = Non-spawn monster count
 F = Spawn count percentage of total count
 G = Total turns spent on level
                    A         B        C        D         E        F      G
               +---------+---------+-------+---------+---------+-------+---------
         Total |       0 |     230 |   0.0 |       0 |      83 |   0.0 |  3424
               +---------+---------+-------+---------+---------+-------+---------
           D:1 |       0 |      39 |   0.0 |       0 |      26 |   0.0 |   959
           D:2 |       0 |      25 |   0.0 |       0 |      11 |   0.0 |  1376
           D:3 |       0 |     108 |   0.0 |       0 |      39 |   0.0 |   791
           D:4 |       0 |      58 |   0.0 |       0 |       7 |   0.0 |   298
               +---------+---------+-------+---------+---------+-------+---------
